 Dungeon Crawl Stone Soup version 0.31-a0-182-gc5ef74bbde (webtiles) character file.

Game seed: 7018848634259979621

1767730 Midn8 the Slayer (level 26, 238/238 HPs)
             Began as a Formicid Hunter on June 21, 2023.
             Was an Initiate of Gozag.
             Escaped with the Orb
             ... and 3 runes!
             The game lasted 03:18:42 (55693 turns).

Midn8 the Slayer (Formicid Hunter)                 Turns: 55693, Time: 03:18:43

Health: 238/238    AC: 23    Str: 16    XL:     26   Next: 10%
Magic:  27/27      EV: 27    Int: 11    God:    Gozag
Gold:   296        SH: 18    Dex: 28    Spells: 26/31 levels left

rFire   + . .        b - +8 longbow (drain)
rCold   . . .        Y - +0 kite shield {rN+}
rNeg    + + .        H - +3 acid dragon scales
rPois   +            (helmet unavailable)
rElec   .            W - +2 cloak {Will+}
rCorr   +            V - +1 pair of gloves "Vusk" {Rampage Dex+3}
SInv    +            a - +2 pair of boots
Will    ++++.        I - amulet of Letemok {Spirit rPois rC+ rN+ Will+}
Stlth   +            l - ring of fire
HPRegen 0.59/turn    p - +4 ring of slaying
MPRegen 0.20/turn

%: guardian spirit, rampage
@: studying Armour
A: permanent stasis, dig shafts and tunnels, antennae 3, four strong arms, weak
1
0: Orb of Zot
}: 3/15 runes: barnacled, silver, gossamer
a: Dig, Shaft Self, Renounce Religion, Potion Petition, Call Merchant, Bribe
Branch


You escaped.
You worshipped Gozag.
Gozag was aware of your devotion.
You visited 8 branches of the dungeon, and saw 44 of its levels.
You visited 1 bazaar.
You also visited: Gauntlet and Wizlab.

You collected 23616 gold pieces.
You spent 3817 gold pieces at shops.
You paid 19503 gold pieces to Gozag.

Inventory:

Hand Weapons
 b - a +8 longbow of draining (weapon)
 O - a +5 double sword
 T - the +3 Elemental Staff {rElec rF+ rC+ AC+3}
   (You took it off a deep elf pyromancer on level 8 of the Dungeon)

   It enhances your fire, ice, earth and air magic.
   AC:        It affects your AC (+3).
   rF:        It protects you from fire.
   rC:        It protects you from cold.
   rElec:     It insulates you from electricity.
Missiles
 i - 14 curare-tipped darts
 D - 5 throwing nets
 Z - 17 javelins
Armour
 a - a +2 pair of boots (worn)
 G - the +0 pair of boots of Kimnydd {Harm Dex+5}
   (You bought it in a shop on level 5 of the Vaults)

   Dex:       It affects your dexterity (+5).
   Harm:      It increases damage dealt and taken.
 H - +3 acid dragon scales (worn)
 K - a scarf of repulsion
 V - the +1 pair of gloves "Vusk" (worn) {Rampage Dex+3}
   (You found it in a Gauntlet)

   Dex:       It affects your dexterity (+3).
   Rampage:   It bestows one free step when moving towards enemies.
 W - a +2 cloak of willpower (worn)
 Y - a +0 kite shield of positive energy (worn)
Jewellery
 l - a ring of fire (left hand)
 o - the ring of the Madman {rC+ Will+ Int+6 Dex+2 Stlth+}
   (You found it on level 1 of the Shoals)

   [ring of intelligence]

   Int:       It affects your intelligence (+6).
   Dex:       It affects your dexterity (+2).
   rC:        It protects you from cold.
   Will:      It increases your willpower.
   Stlth:     It makes you more stealthy.
 p - a +4 ring of slaying (right hand)
 q - a +6 ring of dexterity
 x - an amulet of reflection
 I - the amulet of Letemok (around neck) {Spirit rPois rC+ rN+ Will+}
   (You bought it in a shop on level 2 of the Lair of Beasts)

   [amulet of guardian spirit]

   It causes incoming damage to be divided between your reserves of health and
   magic.
   rC:        It protects you from cold.
   rPois:     It protects you from poison.
   rN:        It protects you from negative energy.
   Will:      It increases your willpower.
Wands
 s - a wand of iceblast (22)
 v - a wand of quicksilver (1)
 w - a wand of paralysis (27)
 B - a wand of polymorph (11)
 C - a wand of flame (71)
 E - a wand of mindburst (20)
 N - a wand of digging (18)
Scrolls
 c - a scroll of butterflies
 e - 6 scrolls of poison
 k - a scroll of revelation
 m - 3 scrolls of immolation
 t - 6 scrolls of fog
 u - 3 scrolls of summoning
 y - 2 scrolls of torment
 M - 5 scrolls of fear
 R - 24 scrolls of identify
 X - a scroll of silence
Potions
 d - 4 potions of invisibility
 f - 6 potions of attraction
 h - 4 potions of enlightenment
 j - 10 potions of magic
 r - 4 potions of might
 z - 13 potions of curing
 A - 3 potions of cancellation
 L - 8 potions of brilliance
 P - 7 potions of mutation
 S - 12 potions of lignification
Miscellaneous
 g - a lightning rod (4/4)
 n - a sack of spiders (inert)
 Q - a condenser vane (inert)
 U - a phantom mirror (inert)


   Skills:
 + Level 26.1 Fighting
 - Level 20.0 Ranged Weapons
 - Level 15.0 Armour
 - Level 16.0 Dodging
 - Level 1.2 Stealth
 - Level 20.0 Shields
 - Level 3.0 Spellcasting
 - Level 4.0 Transmutations
 - Level 8.0 Ice Magic
 - Level 5.0 Earth Magic
 - Level 18.0 Evocations


You had 26 spell levels left.
You knew the following spells:

 Your Spells              Type           Power      Damage    Failure   Level
p - Passwall              Tmut/Erth      9%         N/A       11%         2
z - Ozocubu's Armour      Ice            19%        N/A       4%          3

Your spell library contained the following spells:

 Spells                   Type           Power      Damage    Failure   Level
 Ensorcelled Hibernation  Hex/Ice        20%        N/A       13%         2
 Apportation              Tloc           2%         N/A       41%         1
 Foxfire                  Conj/Fire      8%         2x1d4     41%         1
 Magic Dart               Conj           4%         1d3       41%         1
 Necrotise                Necr           4%         1d4       41%         1
 Shock                    Conj/Air       4%         1d3       41%         1
 Slow                     Hex            4%         N/A       41%         1
 Summon Small Mammal      Summ           4%         N/A       41%         1
 Spider Form              Tmut/Pois      6%         N/A       50%         3
 Cigotuvi's Dreadful Rot  Necr/Pois/Air  2%         N/A       54%         2
 Lesser Beckoning         Tloc           2%         N/A       54%         2
 Scorch                   Fire           4%         2d5       54%         2
 Searing Ray              Conj           2%         2d4       54%         2
 Static Discharge         Conj/Air       2%         2-3/arc   54%         2
 Ignite Poison            Fire/Tmut/Pois 6%         N/A       61%         3
 Call Canine Familiar     Summ           1%         N/A       78%         3
 Confusing Touch          Hex            1%         N/A       78%         3
 Dazzling Flash           Conj/Hex       2%         N/A       78%         3
 Gell's Gravitas          Tloc           1%         N/A       78%         3
 Portal Projectile        Hex/Tloc       2%         N/A       78%         3
 Teleport Other           Tloc           1%         N/A       78%         3
 Tukima's Dance           Hex            1%         N/A       78%         3
 Vampiric Draining        Necr           1%         2d6       78%         3
 Leda's Liquefaction      Hex/Erth       3%         N/A       83%         4
 Metabolic Englaciation   Hex/Ice        5%         N/A       93%         5
 Airstrike                Air            0%         2d(1-17)  99%         4
 Dispel Undead            Necr           1%         3d6       99%         4
 Fulminant Prism          Conj/Hex       0%         3d5       99%         4
 Olgreb's Toxic Radiance  Pois           1%         N/A       99%         4
 Passage of Golubria      Tloc           1%         N/A       99%         4
 Summon Lightning Spire   Summ/Air       1%         N/A       99%         4
 Alistair's Intoxication  Tmut/Pois      4%         N/A       99%         5
 Borgnjor's Vile Clutch   Necr/Erth      3%         N/A       99%         5
 Yara's Violent Unravell  Hex/Tmut       3%         3d4       99%         5
 Agony                    Necr           1%         N/A       100%        5
 Arcjolt                  Conj/Air       0%         1d10      100%        5
 Iskenderun's Battlesphe  Conj           1%         2d6       100%        5
 Silence                  Hex/Air        0%         N/A       100%        5
 Death Channel            Necr           0%         N/A       100%        6
 Eringya's Noxious Bog    Tmut/Pois      3%         N/A       100%        6
 Leda's Unmaking          Conj/Erth      3%         9d1       100%        6
 Plasma Beam              Fire/Air       1%         2x1d11    100%        6
 Summon Cactus Giant      Summ           0%         N/A       100%        6
 Enfeeble                 Hex            0%         N/A       100%        7
 Haunt                    Necr/Summ      0%         N/A       100%        7
 Malign Gateway           Summ/Tloc      0%         N/A       100%        7
 Monstrous Menagerie      Summ           0%         N/A       100%        7
 Spellforged Servitor     Conj/Summ      0%         N/A       100%        7
 Discord                  Hex            0%         N/A       100%        8
 Ignition                 Fire           1%         3d3       100%        8
 Infestation              Necr           0%         N/A       100%        8
 Maxwell's Capacitive Co  Air            0%         ∞         100%        8
 Summon Horrible Things   Summ           0%         N/A       100%        8
 Swiftness                Air            Unusable   N/A       N/A         3
 Vhi's Electric Charge    Tloc/Air       Unusable   N/A       N/A         3
 Animate Dead             Necr           Unusable   N/A       N/A         4
 Simulacrum               Ice/Necr       Unusable   N/A       N/A         6

Dungeon Overview and Level Annotations

Branches:
Dungeon (15/15)            Temple (0/1) D:7            Lair (5/5) D:8
 Shoals (4/4) Lair:2       Spider (4/4) Lair:2        Slime (0/5) Lair:5
    Orc (2/2) D:12            Elf (0/3) Orc:2        Vaults (5/5) D:13
  Crypt (0/3) Vaults:2     Depths (4/4) D:15            Zot (5/5) Depths:4
 WizLab (visited)         Gauntlet (visited)

Altars:
Dithmenos
Gozag
Hepliaklqana
Makhleb
Okawaru
Qazlal
Ru
Trog
Wu Jian
Xom
Jiyva
Lugonu

Shops:
D:5 :   D:9 *   D:12 (   Orc:2 ((**   Lair:2 =   Shoals:2 (   Spider:4 *
Vaults:1 !(   Vaults:2 =(?(   Vaults:4 =   Vaults:5 [   Depths:1 ?[(:
Depths:4 :==

Portals:
Hell: Depths:1 Depths:2 Depths:3 Depths:4
Abyss: Lair:5 Depths:3 Depths:4
Pandemonium: Depths:2
Ziggurat: Depths:3
Trove: Depths:2 (give +3 fire dragon scales)

Annotations:
D:12 2 transporters
D:14 1 runed translucent door, Jaliuk's ghost, journeyman DECj
Lair:5 1 runed translucent door
Spider:2 exclusion: demonic crawler


Innate Abilities, Weirdness & Mutations

You cannot be hasted, slowed, berserked, paralysed or teleported.
You can dig through walls and to a lower floor.
You have a pair of large antennae on your head. (SInv)
Your four strong arms can wield two-handed weapons with a shield.
You are weak. (Str -2)


Message History

No target in view!
There is a stone staircase leading up here.
Things that are here:
a potion of berserk rage; a potion of degeneration
(D) Dungeon (T) Temple (L) Lair (A) Shoals (N) Spider Nest (M) Slime Pits (O) Orcish Mines (E) Elven Halls (V) Vaults (C) Crypt (U) Depths (H) Hell (Z) Zot
Where to? (Enter - D:1 @ (x,y), ? - help)
You climb upwards.
There is a stone staircase leading down here.
You enter the shallow water.
Moving in this stuff is going to be slow.
HP restored.
There is a stone staircase leading up here.
You climb upwards.
There is a stone staircase leading down here.
You sense a monster nearby.
A hellwing comes into view.
You shoot an arrow. The hellwing gives a chilling moan.
The arrow hits the hellwing!!!
You kill the hellwing!
No target in view!
(D) Dungeon (T) Temple (L) Lair (A) Shoals (N) Spider Nest (M) Slime Pits (O) Orcish Mines (E) Elven Halls (V) Vaults (C) Crypt (U) Depths (H) Hell (Z) Zot
Where to? (Enter - D:3 @ (x,y), ? - help)
There is a stone staircase leading up here.
You climb upwards.
There is a stone staircase leading down here.
There is a stone staircase leading up here.
You climb upwards.
There is a stone staircase leading down here.
You can't go up here!
There is an open door here.
You sense a monster nearby.
There is a staircase leading out of the dungeon here.
You have escaped!

#.#...............#.#
#.#.#############.#.#
#.#{#...........#.#.#
#.#.#.####.####.#...#
#...#.#.......#.#.#.#
#.#.#.#.#####.#.#.#.#
#.#.#.#.#...#.#.#.#.#
#.#.#.#.#...#.#.#.#.#
#.#.'.#.#.@...#.'.#.#
#.#.#.#.#...#.#.#.#.#
#.#.#.#.#...#.#.#.#.#
#.#.#.#.#####.#.#.#.#
#.#.#.#.......#.#...#
#...#.####.####.#.###
#.#.#...........#.#
#.#.#############.#
#.#........[......#


There were no monsters in sight!

Vanquished Creatures
  2 dread liches (Vaults:5)
  Mara (Depths:2)
  An orb of fire (Zot:5)
  Boris (Depths:4)
  Vv (Depths:4)
  Bai Suzhen (Vaults:3)
  A curse toe (Zot:5)
  A golden dragon (shapeshifter) (Vaults:5)
  3 golden dragons
  Arachne (Spider:2)
  2 bone dragons (Depths:4)
  A Tzitzimitl (Depths:1)
  2 Brimstone Fiends
  7 tentacled monstrosities
  3 pandemonium lords
  2 liches
  A quicksilver dragon (Vaults:4)
  6 Orb Guardians
  4 titans
  2 death cobs
  Polyphemus (Shoals:2)
  4 sphinxes
  10 tengu reavers
  Kirke (Lair:5)
  4 shadow dragons
  3 storm dragons
  6 draconian knights
  2 draconian monks
  Donald (Spider:2)
  3 fire giants
  2 iron dragons (Vaults:5)
  10 frost giants
  A draconian scorcher (Zot:5)
  20 vault wardens
  5 emperor scorpions
  A deep elf sorcerer (Vaults:4)
  An orc warlord (Vaults:3)
  2 draconian shifters (Zot:5)
  A draconian stormcaller (Depths:4)
  4 spectral caustic shrikes (Depths:1)
  7 ghost moths
  A draconian annihilator (Depths:4)
  A formless jellyfish (Vaults:4)
  14 stone giants
  21 ironbound preservers
  7 war gargoyles
  A spriggan defender (Depths:1)
  26 very ugly things
  2 broodmothers
  A deep elf demonologist (Vaults:5)
  2 reapers
  8 ironbound thunderhulks
  2 black draconians
  14 dire elephants
  A green draconian (Zot:3)
  4 yellow draconians
  A deep elf annihilator (Vaults:5)
  A minotaur (Gauntlet)
  2 purple draconians
  3 spark wasps (Spider:4)
  2 red draconians
  2 deep elf death magi (Vaults:5)
  11 ettins
  Snorg (D:11)
  7 deep elf high priests (Vaults:5)
  5 jiangshi
  5 fire dragons
  10 merfolk javelineers
  9 entropy weavers
  16 yaktaur captains
  12 great orbs of eyes
  32 vault guards
  2 peacekeepers
  8 merfolk impalers
  2 ogre magi
  2 ghost crabs
  5 ice dragons
  A juggernaut simulacrum (Depths:1)
  8 merfolk avatars
  3 spriggan air magi
  3 jorogumos
  2 alligator snapping turtles
  5 hydras
  A catoblepas (Shoals:2)
  4 radroaches
  3 rakshasas
  7 centaur warriors
  8 merfolk aquamancers
  An alligator (shapeshifter) (Vaults:1)
  10 ironbound frosthearts
  7 boulder beetles
  A two-headed ogre (shapeshifter) (Depths:1)
  5 two-headed ogres
  3 vampire magi
  3 satyrs
  4 thrashing horrors (Lair:5)
  Urug (D:10)
  4 spriggan berserkers
  3 deep troll earth magi
  A tengu warrior (D:15)
  7 deep troll shamans
  2 soul eaters
  6 death yaks
  4 demonic crawlers
  A titan skeleton (Depths:1)
  10 hell knights
  5 skysharks
  Amaemon (D:9)
  9 iron trolls
  A sun demon (D:14)
  7 pharaoh ants
  A deep troll (shapeshifter) (D:15)
  57 deep trolls
  11 sea snakes
  16 orb spiders
  A sun moth (Spider:4)
  A glowing orange brain (Depths:3)
  Pikel (D:7)
  15 orc knights
  25 ironbound convokers
  7 phantasmal warriors
  4 steelbarb worms
  10 wizards
  A spriggan simulacrum (Depths:1)
  13 lindwurms
  A sphinx zombie (Vaults:4)
  A mana viper (shapeshifter) (Vaults:5)
  4 deep elf pyromancers
  18 harpies
  5 necromancers
  37 ugly things
  19 wolf spiders
  A faun (shapeshifter) (Vaults:5)
  11 fauns
  2 orc sorcerers
  A spectral deep troll (Depths:1)
  2 salamanders
  5 cyclopes
  10 manticores
  A moth of wrath (shapeshifter) (D:15)
  A stone giant skeleton (Vaults:4)
  6 water nymphs
  6 elephants
  A human skeleton (Vaults:4)
  12 moths of wrath
  11 slime creatures
  6 torpor snails
  26 vault sentinels
  4 merfolk sirens
  5 gargoyles
  A rust devil (D:14)
  Joseph (D:7)
  6 black mambas
  4 smoke demons
  An orange demon (D:9)
  A cane toad (shapeshifter) (Vaults:1)
  A molten gargoyle (D:14)
  Maggie (D:9)
  8 cane toads
  Psyche (D:8)
  11 komodo dragons
  A minotaur zombie (Gauntlet)
  5 rime drakes
  A tormentor (Depths:2)
  35 yaktaurs
  A kobold demonologist (D:10)
  2 freezing wraiths
  2 unseen horrors
  4 ancient zymes (Lair:5)
  A yaktaur (shapeshifter) (Vaults:5)
  5 tengu conjurers
  An ice devil (D:14)
  7 trolls
  25 merfolk
  6 tyrant leeches (Spider:1)
  3 meliai (Spider:4)
  4 hellwings
  4 polar bears
  12 wind drakes
  7 hornets
  A tengu simulacrum (Depths:1)
  Grinder (D:3)
  5 snapping turtles
  29 tarantellas
  A raiju (shapeshifter) (Vaults:2)
  A dream sheep (shapeshifter) (Depths:2)
  7 dream sheep (Lair:5)
  23 blink frogs
  2 large abominations (Lair:5)
  A snapping turtle (shapeshifter) (Vaults:5)
  22 jumping spiders
  24 culicivoras
  2 spriggans (Depths:1)
  11 small abominations (Lair:5)
  The ghost of knightboat the Magician, an amateur DEEE (D:4)
  2 wraiths
  47 yaks
  11 air elementals (Shoals:4)
  A culicivora (shapeshifter) (Lair:5)
  A ynoxinul (Lair:5)
  A fire elemental (D:8)
  4 wyverns
  23 water elementals
  A yak (shapeshifter) (D:14)
  9 basilisks
  4 chaos spawn
  5 hogs (Lair:5)
  A human (Lair:5)
  45 redbacks
  3 neqoxecs
  Grum (D:9)
  4 steam dragons
  6 vampire mosquitoes (Spider:1)
  A yaktaur simulacrum (Vaults:4)
  9 wargs
  An acid dragon (Vaults:1)
  11 water moccasins
  A floating eye (Depths:2)
  The ghost of BrainTurd the Grasshopper, an amateur SpWr (D:4)
  A glowing shapeshifter skeleton (Depths:1)
  43 orc warriors
  A sky beast (D:7)
  3 black bears
  An ice beast (D:6)
  4 ogres
  21 wolves
  5 centaurs
  2 lemures (D:7)
  2 phantoms (D:5)
  Blork the orc (Orc:2)
  A gnoll sergeant (Orc:2)
  8 bullfrogs
  A scorpion (D:6)
  8 wights (D:8)
  6 electric eels
  5 howler monkeys
  A lava snake (D:14)
  A human simulacrum (Vaults:4)
  3 jellies
  18 orc priests
  Crazy Yiuf (D:3)
  4 hounds
  4 sleepcaps
  2 hell rats (Lair:1)
  3 iguanas
  18 orc wizards
  The ghost of gelatine the Chopper, a weakling DsGl (D:4)
  A gnoll (D:1)
  6 adders
  10 river rats (Lair:1)
  A shadow imp (D:8)
  A white imp (D:5)
  An ufetubus (D:6)
  2 dart slugs (D:1)
  94 orcs
  3 endoplasms
  6 giant cockroaches
  8 hobgoblins
  3 jackals (D:4)
  10 kobolds
  5 quokkas
  7 ball pythons
  5 bats
  2 frilled lizards
  4 goblins
  5 rats
1704 creatures vanquished.

Vanquished Creatures (collateral kills)
  2 orbs of fire (Zot:5)
  A Killer Klown (Zot:5)
  Nikola (Shoals:3)
  An electric golem (Zot:5)
  A tentacled monstrosity (Zot:3)
  9 Orb Guardians (Zot:5)
  A quicksilver dragon (Zot:5)
  2 death cobs (Zot:5)
  A daeva (Zot:5)
  2 draconian annihilators
  A demonspawn blood saint (Zot:5)
  A demonspawn black sun (Zot:5)
  2 green draconians
  3 black draconians
  2 dire elephants
  A lorocyproca (Zot:4)
  A purple draconian (Zot:5)
  A white draconian (Zot:3)
  A skyshark (Shoals:1)
  A shadow demon (Zot:5)
  A rust devil (Zot:5)
  A moth of wrath (Zot:5)
  A water moccasin (Lair:2)
38 creatures vanquished.

Vanquished Creatures (others)
  A dread lich (Zot:5)
  An ancient lich (Zot:5)
  A Killer Klown (Zot:5)
  10 Orb Guardians (Zot:5)
  A tentacled monstrosity (Zot:1)
  A draconian knight (Zot:1)
  A draconian monk (Zot:5)
  A draconian scorcher (Zot:5)
  A draconian shifter (Zot:5)
  2 draconian annihilators (Zot:5)
  3 red draconians
  3 black draconians
  2 green draconians
  3 purple draconians
  3 white draconians
  A dire elephant (Vaults:2)
  A blizzard demon (Zot:5)
  An obsidian statue (Zot:5)
  2 moths of wrath
  A jumping spider (Spider:1)
  A water elemental (Shoals:4)
41 creatures vanquished.

Grand Total: 1783 creatures vanquished

Notes
Turn   | Place    | Note
-------+----------+-------------------------------------------
     0 | D:1      | Midn8 the Formicid Hunter began the quest for the Orb.
     0 | D:1      | Reached XP level 1. HP: 16/16 MP: 1/1
    90 | D:1      | Reached XP level 2. HP: 22/22 MP: 2/2
   263 | D:1      | Reached XP level 3. HP: 27/27 MP: 3/3
   419 | D:1      | Reached skill level 5 in Ranged Weapons
   745 | D:2      | Reached XP level 4. HP: 33/33 MP: 4/4
  1250 | D:3      | Found an opulent altar of Gozag.
  1261 | D:3      | Became a worshipper of Gozag Ym Sagoz the Greedy
  1563 | D:3      | Noticed Grinder
  1570 | D:3      | Killed Grinder
  1571 | D:3      | Reached skill level 4 in Fighting
  1571 | D:3      | Reached XP level 5. HP: 42/42 MP: 5/5
  1571 | D:3      | Reached XP level 6. HP: 48/48 MP: 6/6
  1685 | D:3      | Found a runed translucent door.
  1686 | D:3      | Noticed Crazy Yiuf
  1801 | D:4      | Found a burning altar of Makhleb.
  1933 | D:4      | Found a runed translucent gate.
  1934 | D:4      | Found a runed translucent gate.
  1934 | D:4      | Found a runed translucent gate.
  1935 | D:4      | Noticed gelatine's ghost (weakling DsGl)
  1935 | D:4      | Noticed BrainTurd's ghost (amateur SpWr)
  1935 | D:4      | Noticed knightboat's ghost (amateur DEEE)
  2195 | D:4      | Reached XP level 7. HP: 54/54 MP: 7/7
  2723 | D:5      | Entered Level 5 of the Dungeon
  2868 | D:5      | Found Byuf Weg's Self-Improvement Boutique.
  2934 | D:5      | Reached XP level 8. HP: 60/60 MP: 8/8
  3151 | D:5      | Reached skill level 5 in Fighting
  3435 | D:5      | Reached skill level 6 in Fighting
  3749 | D:6      | Reached XP level 9. HP: 69/69 MP: 9/9
  3920 | D:6      | Found a sacrificial altar of Ru.
  4028 | D:6      | Reached skill level 10 in Ranged Weapons
  4201 | D:7      | Noticed Joseph
  4214 | D:7      | Killed Joseph
  4215 | D:7      | Reached skill level 7 in Fighting
  4329 | D:7      | Noticed Pikel
  4349 | D:7      | Killed Pikel
  4350 | D:7      | Reached skill level 8 in Fighting
  4350 | D:7      | Reached skill level 5 in Dodging
  4489 | D:7      | Reached XP level 10. HP: 79/80 MP: 10/10
  4559 | D:7      | Found a staircase to the Ecumenical Temple.
  5014 | D:8      | Noticed Psyche
  5021 | D:8      | Killed Psyche
  5414 | D:8      | Noticed a gargoyle
  5445 | D:8      | Noticed a gargoyle
  5454 | D:8      | Killed a gargoyle
  5557 | D:8      | Reached skill level 1 in Evocations
  5721 | D:8      | Noticed a deep elf pyromancer
  5764 | D:8      | Found a staircase to the Lair.
  5775 | D:8      | Noticed a komodo dragon
  5798 | D:8      | Killed a komodo dragon
  5903 | D:8      | Noticed a boulder beetle
  5938 | Lair:1   | Entered Level 1 of the Lair of Beasts
  6330 | D:9      | Noticed Amaemon
  6330 | D:9      | Noticed an orange demon
  6339 | D:9      | Killed an orange demon
  6339 | D:9      | Noticed Grum
  6340 | D:9      | Reached skill level 5 in Evocations
  6340 | D:9      | Reached XP level 11. HP: 86/86 MP: 11/11
  6341 | D:9      | Killed Amaemon
  6342 | D:9      | Reached skill level 9 in Fighting
  6350 | D:9      | Killed Grum
  6823 | D:9      | Found Qishazol's General Store.
  6826 | D:9      | Noticed Maggie
  6832 | D:9      | Killed Maggie
  6833 | D:9      | Reached skill level 10 in Fighting
  6849 | D:9      | Bought a scroll of identify for 26 gold pieces
  6990 | D:9      | Found a hazy altar of Hepliaklqana.
  6991 | D:9      | Found a bloodstained altar of Trog.
  6991 | D:9      | Found a shimmering altar of Xom.
  6992 | D:9      | Found an iron altar of Okawaru.
  7437 | D:10     | Entered Level 10 of the Dungeon
  7999 | D:10     | Noticed Urug
  8033 | D:10     | Killed Urug
  8726 | Lair:1   | Reached XP level 12. HP: 97/97 MP: 12/12
  9381 | Lair:2   | Found a staircase to the Shoals.
  9556 | Lair:2   | Found a hole to the Spider Nest.
  9577 | Lair:2   | Reached skill level 1 in Shields
  9975 | Lair:2   | Found a shimmering altar of Xom.
 10005 | Lair:2   | Reached skill level 5 in Shields
 10337 | Lair:3   | Reached skill level 11 in Fighting
 10687 | Lair:3   | Noticed a skyshark
 10709 | Lair:3   | Killed a skyshark
 10710 | Lair:3   | Reached skill level 12 in Fighting
 10925 | Lair:3   | Reached XP level 13. HP: 88/108 MP: 13/13
 11027 | Lair:3   | Noticed a four-headed hydra
 11033 | Lair:3   | Killed a four-headed hydra
 11513 | Lair:4   | Noticed a six-headed hydra
 11522 | Lair:4   | Killed a six-headed hydra
 11584 | Lair:4   | Reached skill level 10 in Dodging
 12424 | Lair:4   | Identified the +4 short sword of Dust {elec, *Corrode rElec
                  | rN+ Int+6}
 12443 | Lair:5   | Entered Level 5 of the Lair of Beasts
 12562 | Lair:5   | Reached skill level 13 in Fighting
 12603 | Lair:5   | Found a runed translucent door.
 12603 | Lair:5   | Found a viscous altar of Jiyva.
 12603 | Lair:5   | Noticed an azure jelly
 12604 | Lair:5   | Found a staircase to the Slime Pits.
 12845 | Lair:5   | Reached skill level 14 in Fighting
 13024 | Lair:5   | Noticed Kirke
 13044 | Lair:5   | Killed Kirke
 13045 | Lair:5   | Reached XP level 14. HP: 120/120 MP: 14/14
 13315 | Lair:5   | Reached skill level 1 in Armour
 13833 | Lair:5   | Reached skill level 5 in Armour
 14787 | Lair:5   | Got the Vellum of the Sphinx and Formation
 14937 | Lair:5   | HP: 3/120 [red ugly thing (13)]
 15530 | Lair:5   | Found a corrupted altar of Lugonu.
 15530 | Lair:5   | Found a one-way gate to the infinite horrors of the Abyss.
 15536 | Lair:5   | Identified the staff of the Thirteen Ziggurats {rN+ Str+2
                  | SInv Conj}
 16112 | D:11     | Identified the staff "Unanneot" {Drain rC+ rN+ Int+3 Dex+3
                  | Necro}
 16372 | D:11     | Reached XP level 15. HP: 121/126 MP: 15/15
 16421 | D:11     | Found a gate leading to a gauntlet.
 16488 | Gauntlet | Entered a Gauntlet
 16488 | Gauntlet | Found a transporter.
 16491 | Gauntlet | Found a transporter.
 16501 | Gauntlet | Found the +10 zealot's sword {holy, Zealotry, *Rage rN+
                  | EV+3}
 16504 | Gauntlet | Found a transporter.
 16507 | Gauntlet | Found a transporter.
 16525 | Gauntlet | Found a transporter.
 16529 | Gauntlet | Noticed a reaper
 16538 | Gauntlet | Found a transporter.
 16543 | Gauntlet | Found a transporter.
 16547 | Gauntlet | Found a transporter.
 16576 | Gauntlet | Found a transporter.
 16594 | Gauntlet | Found a transporter.
 16602 | Gauntlet | Found a runed translucent door.
 16602 | Gauntlet | Found a transporter.
 16606 | Gauntlet | Found a transporter.
 16607 | Gauntlet | Found a runed translucent door.
 16751 | Gauntlet | Reached skill level 15 in Ranged Weapons
 16810 | Gauntlet | Identified the +1 pair of gloves "Vusk" {Rampage Dex+3}
 17631 | D:11     | Noticed Snorg
 17642 | D:11     | Killed Snorg
 17815 | D:12     | Found a transporter.
 17829 | D:12     | Found a transporter.
 17845 | D:12     | Found Diossoos's Weapon Shop.
 18211 | D:12     | Identified the +1 whip "Ziemmie" {vamp, rC+ Str-3 Stlth+}
 18572 | D:12     | Found a staircase to the Orcish Mines.
 18939 | D:13     | Found a gate to the Vaults.
 19421 | D:14     | Reached skill level 10 in Evocations
 19893 | Orc:1    | Entered Level 1 of the Orcish Mines
 20068 | Orc:2    | Entered Level 2 of the Orcish Mines
 20277 | Orc:2    | Found a flickering gateway to a bazaar.
 20282 | Bazaar   | Entered a bazaar
 20282 | Bazaar   | Found Dosil's Antique Weapon Shop.
 20294 | Bazaar   | Found Fadus's Antique Armour Shop.
 20320 | Bazaar   | Found Qugeol's General Store.
 20349 | Bazaar   | Bought a shiny kite shield for 165 gold pieces
 20763 | Orc:2    | Found Mampuj's Assorted Antiques.
 20811 | Orc:2    | Found Buasul's Assorted Antiques.
 21145 | Orc:2    | Noticed Blork the orc
 21146 | Orc:2    | Killed Blork the orc
 21209 | Orc:2    | Found a staircase to the Elven Halls.
 21313 | Orc:2    | Found Xuhemoiq's Antique Weapon Emporium.
 21363 | Orc:2    | Found Igiwo's Weapon Shop.
 21508 | Orc:2    | Reached XP level 16. HP: 123/133 MP: 16/16
 22236 | D:14     | Found a runed translucent door.
 22239 | D:14     | Noticed Jaliuk's ghost (journeyman DECj)
 22239 | D:14     | Identified the +7 trident "Punumorus" {heavy, rPois Str+3
                  | Dex-3}
 22581 | D:3      | Killed Crazy Yiuf
 22670 | D:4      | Killed gelatine's ghost
 22672 | D:4      | Killed BrainTurd's ghost
 22676 | D:4      | Killed knightboat's ghost
 23034 | D:15     | Entered Level 15 of the Dungeon
 23045 | D:15     | Reached skill level 10 in Shields
 23422 | Spider:1 | Entered Level 1 of the Spider Nest
 23468 | Spider:1 | Noticed an emperor scorpion
 23482 | Spider:1 | Killed an emperor scorpion
 23615 | Lair:2   | You fall into a shaft and drop 2 floors!
 23964 | Lair:2   | Bought a +6 ring of dexterity for 612 gold pieces
 23964 | Lair:2   | Bought the amulet of Letemok {Spirit rPois rC+ rN+ Will+}
                  | for 986 gold pieces
 24212 | Spider:1 | Reached skill level 10 in Armour
 24341 | Spider:1 | Got the Octavo of Heated Nightshade
 24768 | Spider:1 | Reached skill level 15 in Fighting
 25131 | Spider:2 | Noticed an emperor scorpion
 25154 | Spider:2 | Killed an emperor scorpion
 25405 | Spider:2 | Noticed Arachne
 25538 | Spider:2 | Reached skill level 16 in Fighting
 25676 | Spider:2 | Reached XP level 17. HP: 145/145 MP: 17/17
 25778 | Spider:2 | Noticed Donald
 25784 | Spider:2 | Killed Donald
 26032 | Spider:2 | Reached skill level 17 in Fighting
 27055 | Spider:2 | Killed Arachne
 27309 | Spider:2 | Reached skill level 18 in Fighting
 27590 | Spider:4 | Entered Level 4 of the Spider Nest
 28772 | Spider:4 | Bought a tubular tourmaline ring for 225 gold pieces
 28893 | Spider:4 | Reached XP level 18. HP: 157/157 MP: 18/18
 29749 | Spider:4 | Got a gossamer rune of Zot
 29905 | Shoals:1 | Entered Level 1 of the Shoals
 29974 | Shoals:1 | Learned a level 2 spell: Passwall
 30227 | Shoals:1 | Reached skill level 15 in Shields
 30273 | Shoals:1 | Identified the ring of the Madman {rC+ Will+ Int+6 Dex+2
                  | Stlth+}
 30869 | Shoals:1 | Reached skill level 1 in Transmutations
 30869 | Shoals:1 | Reached skill level 1 in Earth Magic
 31237 | Shoals:2 | Found Bybrovaf's Weapon Emporium.
 31543 | Shoals:2 | Reached skill level 5 in Earth Magic
 32038 | Shoals:3 | Noticed Polyphemus
 32118 | Shoals:3 | Noticed Nikola
 32128 | Shoals:3 | Killed Nikola
 32182 | Shoals:2 | Killed Polyphemus
 32183 | Shoals:2 | Reached XP level 19. HP: 135/165 MP: 19/19
 32679 | Shoals:3 | Reached skill level 19 in Fighting
 33058 | Shoals:4 | Entered Level 4 of the Shoals
 33829 | Shoals:4 | Identified the +1 orcbow "Qiudohil" {flame, rPois Str-2
                  | Int+4}
 33849 | Shoals:4 | Reached skill level 20 in Fighting
 33984 | Shoals:4 | Identified a scroll of acquirement
 33994 | Shoals:4 | Acquired 1054 gold pieces
 34192 | Shoals:4 | Noticed a titan
 34837 | Shoals:4 | Killed a titan
 35091 | Shoals:4 | Got a barnacled rune of Zot
 35519 | D:14     | Gained mutation: You are weak. (Str -2) [a neqoxec]
 35759 | D:15     | Found a staircase to the Depths.
 35948 | D:15     | Found a stormy altar of Qazlal.
 36198 | Vaults:1 | Entered Level 1 of the Vaults
 36254 | Vaults:1 | Identified the +0 ring mail of Loss {-Tele *Slow rElec
                  | Regen+}
 36356 | Vaults:1 | Reached XP level 20. HP: 176/176 MP: 20/20
 37749 | Vaults:1 | Bought a potion of heal wounds for 75 gold pieces
 37749 | Vaults:1 | Bought a potion of heal wounds for 75 gold pieces
 37749 | Vaults:1 | Bought a potion of heal wounds for 75 gold pieces
 38498 | Vaults:2 | Found Zonuimyu's Antique Weapon Shoppe.
 38541 | Vaults:2 | Found a magical portal.
 38549 | WizLab   | Entered Wucad Mu's Monastery
 39990 | Vaults:2 | Reached XP level 21. HP: 183/183 MP: 21/21
 40019 | Vaults:2 | Found a staircase to the Crypt.
 40254 | Vaults:2 | Found Boengore's Jewellery Shoppe.
 40388 | Vaults:2 | Found Vodel's Magic Scroll Emporium.
 40393 | Vaults:2 | Bought a scroll of enchant weapon for 120 gold pieces
 40571 | Vaults:2 | Found Wisyahai's Weapon Boutique.
 41021 | Vaults:3 | Noticed Bai Suzhen
 41041 | Vaults:3 | Killed Bai Suzhen
 42686 | Vaults:3 | Reached skill level 21 in Fighting
 43117 | Vaults:4 | Reached XP level 22. HP: 191/194 MP: 20/22
 43173 | Vaults:4 | Found Mubo's Jewellery Boutique.
 43214 | Vaults:4 | Reached skill level 22 in Fighting
 43980 | Vaults:4 | Reached skill level 15 in Dodging
 44175 | Vaults:4 | Identified the scarf "Viogh" {repulsion, rC++ Will+}
 44614 | Depths:1 | Entered Level 1 of the Depths
 44619 | Depths:1 | Learned a level 3 spell: Ozocubu's Armour
 44697 | Depths:1 | Found Zofal's Antique Weapon Emporium.
 44699 | Depths:1 | Found Zoh Vera's Magic Scroll Shop.
 44699 | Depths:1 | Found Seses's Armour Boutique.
 44700 | Depths:1 | Found Latatoim's Book Shoppe.
 44709 | Depths:1 | Bought a scroll of acquirement for 1092 gold pieces
 44709 | Depths:1 | Bought a scroll of enchant armour for 157 gold pieces
 44709 | Depths:1 | Acquired a +6 longbow of draining
 44754 | Depths:1 | Reached skill level 1 in Spellcasting
 44754 | Depths:1 | Reached skill level 1 in Ice Magic
 45255 | Depths:1 | Found a gateway to Hell.
 45436 | Depths:1 | Reached skill level 5 in Ice Magic
 45467 | Depths:1 | Found a hazy altar of Hepliaklqana.
 45980 | Depths:2 | Found a one-way gate leading to the halls of Pandemonium.
 46294 | Depths:2 | Noticed Mara
 46298 | Depths:2 | Noticed Midn8's illusion
 46328 | Depths:2 | Noticed Midn8's illusion
 46350 | Depths:2 | Killed Mara
 46351 | Depths:2 | Reached XP level 23. HP: 203/203 MP: 27/27
 46681 | Depths:2 | Found a portal to a secret trove of treasure.
 46827 | Depths:2 | Found an ornate altar of the Wu Jian Council.
 47746 | Depths:3 | Found a shadowy altar of Dithmenos.
 47999 | Depths:3 | Found a one-way gateway to a ziggurat.
 48106 | Depths:4 | Entered Level 4 of the Depths
 48132 | Depths:4 | Noticed Vv
 48673 | Vaults:4 | You fall into a shaft and drop 1 floor!
 48673 | Vaults:5 | Entered Level 5 of the Vaults
 49196 | Vaults:5 | Reached skill level 15 in Evocations
 49222 | Vaults:5 | Identified the staff "Fiys Vau" {rElec Str+4 Dex+4 Air}
 49228 | Vaults:5 | Noticed a dread lich
 49243 | Vaults:5 | Killed a dread lich
 49248 | Vaults:5 | Reached XP level 24. HP: 176/210 MP: 24/27
 49487 | Vaults:5 | Identified the +1 battleaxe of Mordant Responsibility
                  | {freeze, Int+4}
 49711 | Vaults:5 | Reached skill level 15 in Armour
 49711 | Vaults:5 | Noticed a dread lich
 49727 | Vaults:5 | Killed a dread lich
 49823 | Vaults:5 | an iron giant changed into a golden dragon
 49823 | Vaults:5 | Noticed a golden dragon (glowing shapeshifter)
 49831 | Vaults:5 | a golden dragon changed into an iron dragon
 49835 | Vaults:5 | an iron dragon changed into a golden dragon
 49835 | Vaults:5 | Noticed a golden dragon (glowing shapeshifter)
 49841 | Vaults:5 | Killed a golden dragon
 50148 | Vaults:5 | Reached skill level 23 in Fighting
 50197 | Vaults:5 | Got a silver rune of Zot
 50206 | Vaults:5 | Got the Quarto of Friendly Electricity
 50252 | Vaults:5 | Identified the +4 sling of the Jumping Soothsayer {freeze,
                  | Fragile Will++ Dex+8}
 50483 | Vaults:5 | Found Nuew's Antique Armour Shoppe.
 50492 | Vaults:5 | Bought a pair of ancient boots for 209 gold pieces
 50492 | Vaults:5 | Identified the +0 pair of boots of Kimnydd {Harm Dex+5}
                  | (You bought it in a shop on level 5 of the Vaults)
 50493 | Vaults:5 | Got Putzih's Compendium of Burning and the Salvo
 50636 | Vaults:5 | Identified the +4 robe of the Arena {Harm Regen+ Str-2}
 51432 | Depths:4 | Found Vimicerch's Book Boutique.
 51432 | Depths:4 | Found Wemnem's Jewellery Shoppe.
 51492 | Depths:4 | Found Cuuw Alo's Jewellery Shoppe.
 51539 | Depths:4 | Killed Vv
 51708 | Depths:4 | Acquired 980 gold pieces
 51760 | Depths:4 | Reached skill level 24 in Fighting
 51815 | Depths:4 | Reached XP level 25. HP: 178/223 MP: 22/27
 51820 | Depths:4 | Noticed Boris
 51835 | Depths:4 | Killed Boris
 51918 | Depths:4 | Found a gate to the Realm of Zot.
 52417 | Zot:1    | Entered Level 1 of the Realm of Zot
 53700 | Zot:1    | Got Sif Muna's Grimoire of Septic Movement
 53843 | Zot:5    | Entered Level 5 of the Realm of Zot
 54506 | Zot:5    | Noticed a curse toe
 54508 | Zot:5    | Killed a curse toe
 54595 | Zot:5    | Noticed an orb of fire
 54595 | Zot:5    | Noticed an ancient lich
 54598 | Zot:5    | Noticed an orb of fire
 54605 | Zot:5    | Noticed a dread lich
 54605 | Zot:5    | Noticed a Killer Klown
 54607 | Zot:5    | Noticed a Killer Klown
 54619 | Zot:5    | Noticed an orb of fire
 54620 | Zot:5    | Noticed an orb of fire
 54621 | Zot:5    | Noticed an orb of fire
 54637 | Zot:5    | Killed an orb of fire
 54640 | Zot:5    | Killed a Killer Klown
 54644 | Zot:5    | Reached skill level 25 in Fighting
 54644 | Zot:5    | Got the Orb of Zot
 54652 | Zot:5    | Killed an orb of fire
 54674 | Zot:5    | Killed an orb of fire
 54966 | Depths:4 | Noticed Fobuvef the pandemonium lord
 54990 | Depths:4 | Killed Fobuvef the pandemonium lord
 55075 | D:15     | Noticed Zyesoh the pandemonium lord
 55094 | D:15     | Killed Zyesoh the pandemonium lord
 55095 | D:15     | Reached XP level 26. HP: 25/236 MP: 1/27
 55180 | D:12     | Noticed Ququ the pandemonium lord
 55197 | D:11     | HP: 2/235 [Ququ the pandemonium lord (26)]
 55199 | D:11     | Killed Ququ the pandemonium lord
 55200 | D:11     | Reached skill level 26 in Fighting
 55509 | D:6      | Noticed a seraph
 55693 | D:$      | Escaped with the Orb!

Illustrated notes

Levels and vault maps discovered:
D:1:      matt_arrival_refuge, layout_basic
D:2:      layout_loops_ring
D:3:      layout_loops_ring, mainiacjoe_overflow_alcove_2,
          uniq_crazy_yiuf_cottage, uniq_grinder
D:4:      layout_loops_ring, amcnicky_altar_gilded, gammafunk_ghost_cemetery,
          solitary_fountain, kennysheep_boxes
D:5:      layout_cave_pools, nicolae_shop_self_help
D:6:      layout_basic, mainiacjoe_overflow_tiny_flanked, nicolae_titane
D:7:      layout_basic, minmay_temple_entry_mist,
          minmay_a_box_with_orc_wizards_in_it, uniq_joseph, uniq_pikel
D:8:      layout_basic, david_lair_shrubbed,
          dilly_guarded_unrand_elemental_staff, uniq_psyche
D:9:      layout_basic, chequers_temple_overflow_statue_of_worship,
          serial_shops, shop, uniq_grum, uniq_maggie, uniq_amaemon
D:10:     layout_loops_cross, uniq_urug
D:11:     layout_loops_corners, gauntlet_entry_generic, serial_bayou_pond_e,
          amcnicky_mini_pool_medium, uniq_snorg
D:12:     gammafunk_wand_slinger, layout_basic, david_orc_5, serial_shops,
          nicolae_shop_bloodbath_and_beyond, serial_glass, glass_columns_c,
          glass_columns_c, glass_columns_a, glass_columns_a, glass_columns_a,
          glass_columns_a, glass_columns_b, glass_columns_c
D:13:     layout_rooms, david_vaults_1
D:14:     layout_roguey, kennysheep_donut, ebering_ghost_funeral_grove,
          minmay_misc_feat_ornament
D:15:     hangedman_depths_entry_try_elsewhere_first, layout_cave_pools,
          serial_demonic, serial_demonic_d, serial_demonic_b, serial_demonic_g,
          serial_demonic_c, nicolae_qazlal_style_of_elements
Lair:1:   layout_chaotic_city, kennysheep_rathole
Lair:2:   layout_regular_city, minmay_shoals_entry_lonely_mermaid,
          spider_nest_entry_web_field, basic_altar
Lair:3:   layout_hall_layers
Lair:4:   layout_gridlike, lemuel_fruit_tree, grunt_megastairs_3
Lair:5:   hellmonk_lair_end_abyssal_woods, layout_gridlike, slime_entry_2,
          infiniplex_staircase_pool_2, uniq_kirke
Shoals:1: layout_shoals, st_sunken_huts
Shoals:2: layout_shoals, serial_shops, shop
Shoals:3: layout_shoals, uniq_nikola, uniq_polyphemus
Shoals:4: shoals_end_hellmonk_storm_palace [storm_palace_center_square,
          storm_palace_corner_pillars, storm_palace_corner_pillars,
          storm_palace_corner_pillars, storm_palace_corner_blocked]
Spider:1: layout_spider_delve, nicolae_spider_swamp_cousins
Spider:2: layout_spider_delve, nicolae_spider_moth_buddies, uniq_arachne,
          uniq_donald
Spider:3: layout_spider_delve
Spider:4: spider_rune_water, nicolae_orb_island
Orc:1:    layout_caves, uniq_harold, uniq_josephine
Orc:2:    st_orc_town, layout_caves, serial_shops, bzr_entry_road,
          sword_in_stone
Vaults:1: vaults_room_large_hall, nicolae_vaults_steering_wheel,
          nicolae_vaults_wine_cellar, nicolae_vaults_asterisk,
          dpeg_vaults_monster_box, ontoclasm_vaults_tryst,
          hangedman_vaults_impose, v_misc_22,
          vaults_standard_mumra_enter_the_diamond, vaults_dpeg_diagonal,
          v_pattern_5, nicolae_vaults_tetromino_L_2,
          nicolae_vaults_little_squares_1, layout_vaults_maze_snakey
Vaults:2: infiniplex_enter_wizlab_water, v_misc_4, v_alt_pattern_5,
          v_alt_pattern_2, minmay_crypt_entry_simple_round,
          vaults_mumra_hexcomb, nicolae_vaults_ellipses_ellipsis, v_misc_23,
          vaults_mumra_lcd, v_pattern_3, vaults_dpeg_cross,
          nicolae_vaults_tetromino_L_2, nicolae_vaults_tetromino_L_1,
          ontoclasm_vaults_decontamination, layout_vaults_omnicross,
          serial_shops, shop, nicolae_shop_stone, nicolae_shop_crystal, shop
Vaults:3: nicolae_vaults_hexular_roomagon, nicolae_vaults_yaktaur_gun_rack,
          vaults_mumra_minichess_inversion,
          nicolae_vaults_offset_grid_hallway_4, vaults_dpeg_spiral,
          st_spiral_rooms, nicolae_vaults_mini_display_case,
          nicolae_vaults_little_squares_6, v_misc_5, hangedman_vaults_stitches,
          grunt_vaults_twisty, nicolae_vaults_little_squares_6,
          nicolae_vaults_tetromino_T_2, nicolae_vaults_circle_grid_b,
          nicolae_vaults_oval_intersection, layout_vaults_omnibox,
          uniq_bai_suzhen
Vaults:4: st_eye, nicolae_vaults_closet_pinwheel_4,
          nicolae_vaults_door_testing_chamber, nicolae_vaults_six-pack,
          nicolae_vaults_variable_pillar_hall, nicolae_vaults_closet_pinwheel_3,
          vaults_mumra_hex, v_alt_pattern_1, layout_vaults_big_room,
          serial_shops, shop_fountains
Vaults:5: serial_shops, uniq_jory
Depths:1: layout_gridlike, pf_hell_entry_tar_river, nicolae_hexahallways,
          minmay_misc_feat_x, nicolae_wooded_promenade,
          amcnicky_mini_corridor_feature, nicolae_hepliaklqana_monster_ancestors
Depths:2: kennysheep_ambush_hall, layout_basic,
          pdpol_wu_jian_five_deadly_venoms, rand_demon_pan_entry_5,
          enter_trove_0, hell_entry, minmay_staircase_bubble, uniq_mara
Depths:3: nicolae_cairo_tiling_large_dashed, layout_basic, enter_ziggurat_f,
          lemuel_round_altar, hell_entry, abyss_entry_glasseish
Depths:4: grunt_zot_entry_bicorn, layout_basic, abyss_entry, minmay_hedge_maze,
          hell_entry, minmay_gold_behind_fungi, minmay_shop_grove, uniq_boris,
          uniq_vv, uniq_josephina
Zot:1:    layout_gridlike
Zot:2:    layout_gridville, hellmonk_ghost_happy_afterlife, hangedman_zot_gyre,
          st_single_dragon_hoard_3
Zot:3:    layout_misc_corridors
Zot:4:    layout_basic, hangedman_zot_decor_scrapings
Zot:5:    layout_gridlike

Skill      XL: |  1  2  3  4  5  6  7  8  9 10 11 12 13 14 15 16 17 18 19 20 21 22 23 24 25 26 |
---------------+-------------------------------------------------------------------------------+-----
Ranged Weapons | 5 6 7 9 10 12 14 16 17 20 | 20.0
Fighting       | 4 6 8 10 12 14 16 18 20 21 22 24 25 26 | 26.1
Dodging        | 3 4 5 6 8 10 12 14 15 16 | 16.0
Evocations     | 5 6 8 10 12 14 15 16 18 | 18.0
Shields        | 5 9 12 15 17 18 20 | 20.0
Armour         | 7 10 12 15 | 15.0
Transmutations | 4 |  4.0
Earth Magic    | 5 |  5.0
Spellcasting   | 3 |  3.0
Ice Magic      | 7 8 |  8.0
Stealth        | |  1.2

Action                     |  1- 3 |  4- 6 |  7- 9 | 10-12 | 13-15 | 16-18 | 19-21 | 22-24 | 25-27 || total
---------------------------+-------+-------+-------+-------+-------+-------+-------+-------+-------++-------
  Melee: Orcbow            |       |       |       |     4 |       |     3 |       |       |       ||     7
   Fire: Shortbow          |    57 |   112 |    19 |   541 |  1119 |       |       |       |       ||  1848
         Orcbow            |       |       |   213 |    48 |   383 |  1466 |   927 |       |       ||  3037
         Longbow           |       |       |       |       |       |       |   742 |  1441 |   343 ||  2526
  Throw: Dart              |       |       |       |       |       |       |       |     1 |       ||     1
   Cast: Ozocubu's Armour  |       |       |       |       |       |       |       |     3 |       ||     3
 Invoke: Potion Petition   |       |       |     1 |     3 |       |       |     1 |     2 |     4 ||    11
         Call Merchant     |       |       |       |       |       |     2 |     2 |       |       ||     4
         Bribe Branch      |       |       |       |       |       |       |       |       |     4 ||     4
Ability: Dig               |       |     2 |       |     1 |       |     1 |       |     5 |     2 ||    11
         Shaft Self        |       |       |       |       |       |     1 |       |     1 |       ||     2
  Evoke: Wand              |       |       |       |     6 |     5 |    17 |     2 |     1 |    31 ||    62
         Condenser vane    |       |       |       |       |     1 |     2 |     2 |     2 |     2 ||     9
         Lightning rod     |       |       |       |       |       |     1 |       |     3 |       ||     4
         Phantom mirror    |       |       |       |       |       |       |       |     2 |     1 ||     3
    Use: Scroll            |       |       |    12 |     9 |    10 |     6 |     8 |     7 |     3 ||    55
         Potion            |       |       |       |       |     2 |     1 |     1 |     2 |    16 ||    22
 Armour: Ring mail         |     2 |       |       |       |       |       |       |       |       ||     2
         Leather armour    |     4 |    11 |    17 |    12 |       |       |       |       |       ||    44
         Acid dragon scale |       |       |       |    25 |    86 |   115 |   115 |    56 |    31 ||   428
  Dodge: Dodged            |     9 |    11 |    41 |   119 |   258 |   411 |   498 |   222 |   101 ||  1670
         Repelled          |       |       |       |       |       |     2 |     7 |       |       ||     9
  Block: Buckler           |       |     1 |     7 |    57 |   131 |       |       |       |       ||   196
         Reflection        |       |       |       |       |    20 |    32 |     9 |       |       ||    61
         Kite shield       |       |       |       |       |    50 |   487 |   590 |   254 |   117 ||  1498

Table legend: (Time is in decaauts)
 A = Elapsed time spent in this place.
 B = Non-inter-level travel time spent in this place.
 C = Inter-level travel time spent in this place.
 D = Time resting spent in this place.
 E = Time spent auto-exploring this place.
 F = Levels seen in this place.
 G = Mean time per level.
                   A        B        C        D        E       F      G
               +--------+--------+--------+--------+--------+-----+--------+
         Total |  54872 |  49886 |   4986 |  13410 |  22179 |  47 | 1167.5 |
       Dungeon |  15781 |  13220 |   2561 |   2062 |   8303 |  15 | 1052.1 |
          Lair |   7675 |   7220 |    455 |   2358 |   3026 |   5 | 1535.0 |
        Shoals |   5419 |   5238 |    181 |   1821 |   1702 |   4 | 1354.8 |
   Spider Nest |   5867 |   5598 |    269 |   1918 |   2101 |   4 | 1466.8 |
  Orcish Mines |   1713 |   1632 |     81 |    231 |    791 |   2 |  856.5 |
        Vaults |  10337 |   9495 |    842 |   3196 |   3417 |   5 | 2067.4 |
        Depths |   5401 |   4919 |    482 |   1057 |   2636 |   4 | 1350.2 |
           Zot |   1828 |   1715 |    113 |    509 |     17 |   5 |  365.6 |
        Bazaar |     90 |     90 |      0 |      0 |     43 |   1 |   90.0 |
        Wizlab |     64 |     64 |      0 |      0 |      0 |   1 |   64.0 |
      Gauntlet |    690 |    690 |      0 |    254 |    141 |   1 |  690.0 |
               +--------+--------+--------+--------+--------+-----+--------+

Top non-repeatable levels by time:
  Lair:5: 2808 daAuts
Vaults:2: 2533 daAuts
Spider:4: 2203 daAuts
Vaults:1: 2123 daAuts
Vaults:5: 2112 daAuts
Shoals:4: 2098 daAuts
Vaults:3: 1883 daAuts
Vaults:4: 1685 daAuts
Spider:2: 1668 daAuts
  Lair:2: 1662 daAuts
     D:8: 1612 daAuts
   Orc:2: 1599 daAuts
    D:14: 1514 daAuts
     D:9: 1458 daAuts
  Lair:4: 1380 daAuts
